 Dungeon Sprint DCSS version 0.18-a0-1782-gb76a692 (webtiles) character file.

9062 Kidiri the Blocker (level 11, -5/102 HPs)
             Began as a Centaur Fighter on Apr 17, 2016.
             Was a High Priest of Okawaru.
             Slain by an orc warrior
             ... wielding a +0 battleaxe
              (15 damage)
             ... in the Dungeon (Sprint IX: "|||||||||||||||||||||||||||||").
             The game lasted 00:06:59 (2411 turns).

Kidiri the Blocker (Centaur Fighter)                Turns: 2411, Time: 00:06:59

Health: -5/102     AC: 21    Str: 24    XL:     11   Next: 18%
Magic:  10/19      EV: 10    Int:  7    God:    Okawaru [*****.]
Gold:   690        SH: 14    Dex:  9    Spells: 0 memorised, 10 levels left

rFire  . . .     SeeInvis .     p - +8 scimitar (holy)
rCold  . . .     Gourm    .     r - +1 chain mail {rN+}
rNeg   + . .     Faith    .     c - +0 shield
rPois  .         Spirit   .     (helmet restricted)
rElec  .         Dismiss  .     a - +0 cloak
rCorr  .         Reflect  .     v - +0 pair of gloves
SustAt .         Harm     .     (no barding)
MR     .....     NoTele   +     (no amulet)
Stlth  ..........               s - +3 ring of strength
                                b - +2 ring of evasion

@: heroism, finesse, very quick, not resistant to hostile enchantments,
extremely unstealthy
A: hooves 3, horns 1, rough black scales 1, deformed body, speed 2, tough skin 3
a: Heroism, Finesse, Renounce Religion


You were in the Dungeon.
You worshipped Okawaru.
Okawaru was extremely pleased with you.
You were not hungry.

You visited 1 branch You collected 690 gold pieces.

Inventory:

Hand Weapons
 p - a +8 scimitar of holy wrath (weapon)
Armour
 a - a +0 cloak (worn)
 c - a +0 shield (worn)
 q - a +0 helmet
 r - a +1 chain mail of positive energy (worn)
 v - a +0 pair of gloves (worn)
Jewellery
 b - a +2 ring of evasion (left hand)
 s - a +3 ring of strength (right hand)
Wands
 o - a wand of iceblast (1/15)
Scrolls
 k - 3 scrolls of blinking
 m - 3 scrolls of remove curse
 n - 2 scrolls of amnesia
 u - a scroll of fog
Potions
 d - a potion of agility
 h - 3 potions of haste
 i - 4 potions of magic
 j - a potion of invisibility
Comestibles
 f - 12 chunks of flesh
 g - 40 fruits
 l - 12 bread rations
 t - 12 meat rations


   Skills:
 + Level 11.0(16.0) Fighting
 + Level 10.1(15.1) Long Blades
 * Level 11.7(16.7) Armour
 * Level 11.8(16.8) Shields
 + Level 10.9 Invocations


You had 10 spell levels left.
You didn't know any spells.

Dungeon Overview and Level Annotations

Branches:
Dungeon (1/1)

Altars:
Cheibriados
Dithmenos
Elyvilon
Fedhas
Gozag
Kikubaaqudgha
Makhleb
Nemelex Xobeh
Okawaru
Pakellas
Qazlal
Ru
Sif Muna
Trog
Vehumet
Xom
Yredelemnul
Zin
The Shining One
Beogh
Jiyva
Lugonu


Innate Abilities, Weirdness & Mutations

You have hooves in place of feet.
Armour fits poorly on your strangely shaped body.
You cover ground very quickly.
You have extremely tough skin (AC +3).
You have a pair of small horns on your head.
You are partially covered in rough black scales (AC +4, Dex -1).


Message History

* * * LOW HITPOINT WARNING * * *
Unknown command.
Drink which item? (? for menu, Esc to quit)
You feel better. You block the sixfirhy's attack.
The orc high priest barely misses you.
Unknown command.
You barely miss the orc high priest. Your kick misses the orc high priest.
You headbutt the orc high priest.
The orc high priest is almost dead.
The orc high priest invokes the aid of Beogh against you.
Beogh smites you!
* * * LOW HITPOINT WARNING * * *
You slash the orc high priest!
You kill the orc high priest!
Okawaru is honoured by your kill.
Your base Fighting skill increases to level 11!
The sixfirhy disappears in a puff of smoke!
Unknown command.
The orc warrior hits you with a battleaxe!
You die...

▓.▓'▓.▓.▓
▓+▓.▓.▓.▓.▓
▓o▓.▓.▓.▓'▓
▓o▓.▓.▓.▓_▓
▓o▓.▓.▓.▓_▓
▓o▓.▓.▓.▓_▓
▓o▓.▓.▓.▓_▓
▓o▓.▓.▓.▓_▓
▓@▓.▓.▓.▓_▓
▓$▓.▓.▓.▓_▓
▓§▓.▓'▓.▓_▓
▓$▓.▓.▓.▓_▓
▓)▓.▓.▓.▓_▓
▓)▓.▓.▓.▓_▓
▓'▓.▓.▓.▓_▓
▓.▓.▓)▓.▓_▓
▓.▓.▓%▓.▓_▓


You could see an orc knight, an orc high priest and 4 orc warriors.

Vanquished Creatures
  A hydra (D)
  A catoblepas (D)
  A death yak (D)
  2 orc high priests (D)
  An unseen horror (D)
  A hill giant (D)
  A cyclops (D)
  A black mamba (D)
  A spiny frog (D)
  A komodo dragon (D)
  2 giant leeches (D)
  A boulder beetle (D)
  A two-headed ogre (D)
  2 yaks (D)
  2 hippogriffs (D)
  3 vampire mosquitoes (D)
  2 porcupines (D)
  A water moccasin (D)
  An ice beast (D)
  6 orc warriors (D)
  2 sky beasts (D)
  A crocodile (D)
  3 giant frogs (D)
  2 crimson imps (D)
  An iguana (D)
  6 orc priests (D)
  An orc wizard (D)
  A worker ant (D)
  A river rat (D)
  A shadow imp (D)
  A worm (D)
  A giant gecko (D)
  7 orcs (D)
  A hobgoblin (D)
  A quokka (D)
  A bat (D)
  A giant gecko zombie (D)
  A kobold (D)
  A rat (D)
66 creatures vanquished.

Vanquished Creatures (others)
  A rime drake (D)
1 creature vanquished.

Grand Total: 67 creatures vanquished

Notes
Turn   | Place    | Note
--------------------------------------------------------------
     0 | D        | Kidiri the Centaur Fighter began the quest for the Orb.
     0 | D        | Reached XP level 1. HP: 19/19 MP: 1/1
   209 | D        | Noticed a crimson imp
   209 | D        | Noticed a sky beast
   214 | D        | Reached XP level 2. HP: 21/26 MP: 2/2
   226 | D        | Killed a sky beast
   226 | D        | Reached XP level 3. HP: 34/34 MP: 3/3
   226 | D        | Reached XP level 4. HP: 41/41 MP: 4/4
   336 | D        | Found a glowing silver altar of Zin.
   336 | D        | Found a glowing golden altar of the Shining One.
   336 | D        | Found an ancient bone altar of Kikubaaqudgha.
   336 | D        | Found a basalt altar of Yredelemnul.
   336 | D        | Found a shimmering altar of Xom.
   336 | D        | Found a radiant altar of Vehumet.
   337 | D        | Found an iron altar of Okawaru.
   338 | D        | Found a burning altar of Makhleb.
   339 | D        | Found a deep blue altar of Sif Muna.
   340 | D        | Found a bloodstained altar of Trog.
   341 | D        | Found a sparkling altar of Nemelex Xobeh.
   342 | D        | Found a white marble altar of Elyvilon.
   343 | D        | Found a roughly hewn altar of Beogh.
   344 | D        | Found a viscous altar of Jiyva.
   345 | D        | Found a corrupted altar of Lugonu.
   346 | D        | Found a blossoming altar of Fedhas.
   347 | D        | Found a snail-covered altar of Cheibriados.
   348 | D        | Found a shadowy altar of Dithmenos.
   349 | D        | Found a stormy altar of Qazlal.
   350 | D        | Found an opulent altar of Gozag.
   351 | D        | Found a sacrificial altar of Ru.
   352 | D        | Found an oddly glowing altar of Pakellas.
   365 | D        | Became a worshipper of Warmaster Okawaru
   426 | D        | Noticed a sky beast
   439 | D        | Killed an unseen horror
   439 | D        | Reached * piety under Okawaru
   439 | D        | Reached skill level 5 in Long Blades
   439 | D        | Reached skill level 5 in Invocations
   439 | D        | Reached XP level 5. HP: 44/51 MP: 4/8
   439 | D        | Reached XP level 6. HP: 50/58 MP: 4/9
   439 | D        | Reached XP level 7. HP: 55/64 MP: 4/10
   456 | D        | Gained mutation: You are partially covered in rough black scales (AC +4, Dex -1). [mutagenic meat]
   457 | D        | Gained mutation: You have a pair of small horns on your head. [mutagenic meat]
   500 | D        | Noticed a cyclops
   500 | D        | Noticed a two-headed ogre
   500 | D        | Noticed a hill giant
   506 | D        | Killed a hill giant
   506 | D        | Reached ** piety under Okawaru
   506 | D        | Reached *** piety under Okawaru
   506 | D        | Reached XP level 8. HP: 20/74 MP: 12/12
   642 | D        | Killed a two-headed ogre
   656 | D        | Killed a cyclops
   656 | D        | Reached **** piety under Okawaru
   656 | D        | Reached XP level 9. HP: 32/82 MP: 14/14
  1007 | D        | Noticed a komodo dragon
  1007 | D        | Noticed a black mamba
  1024 | D        | Killed a black mamba
  1339 | D        | Killed a komodo dragon
  1356 | D        | Reached ***** piety under Okawaru
  1428 | D        | Noticed a six-headed hydra
  1428 | D        | Noticed a catoblepas
  1428 | D        | Noticed a rime drake
  1430 | D        | Noticed a death yak
  1437 | D        | Killed a catoblepas
  1437 | D        | Reached skill level 10 in Armour
  1437 | D        | Reached skill level 10 in Shields
  1437 | D        | Reached XP level 10. HP: 91/91 MP: 8/16
  1709 | D        | HP: 4/93 [17-headed hydra (7)]
  1718 | D        | Killed an 18-headed hydra
  1718 | D        | Reached skill level 10 in Fighting
  1724 | D        | Killed a death yak
  1724 | D        | Received a gift from Okawaru
  1725 | D        | Reached skill level 10 in Invocations
  1975 | D        | Noticed a spiny frog
  2003 | D        | Killed a spiny frog
  2351 | D        | Noticed an orc high priest
  2351 | D        | Noticed an orc high priest
  2363 | D        | Killed an orc high priest
  2363 | D        | Reached XP level 11. HP: 87/101 MP: 16/19
  2391 | D        | Noticed an orc knight
  2396 | D        | Reached skill level 10 in Long Blades
  2400 | D        | Noticed an orc high priest
  2410 | D        | Killed an orc high priest
  2411 | D        | Slain by an orc warrior

Vault maps used:
D:        linesprint

Skill      XL: |  1  2  3  4  5  6  7  8  9 10 11 |
---------------+----------------------------------+-----
Long Blades    | 2 3 5 6 7 8 9 10 | 10.1
Fighting       | 4 6 7 8 9 10 11 | 11.0
Armour         | 4 7 8 9 10 11 | 11.7
Shields        | 4 7 8 9 10 11 | 11.8
Invocations    | 5 6 7 9 10 | 10.9

Action                   |  1- 3 |  4- 6 |  7- 9 | 10-12 || total
-------------------------+-------+-------+-------+-------++-------
Melee: Long sword        |    44 |     7 |       |       ||    51
       Kick              |     7 |     2 |    17 |    36 ||    62
       Scimitar          |       |     7 |    79 |   137 ||   223
       Headbutt          |       |       |    11 |    24 ||    35
Invok: Heroism           |       |       |     3 |     5 ||     8
       Finesse           |       |       |     1 |     6 ||     7
Evoke: Wand              |       |     1 |       |     5 ||     6
  Use: Potion            |     2 |     4 |     3 |     4 ||    13
       Scroll            |       |       |     6 |       ||     6
  Eat: Chunk             |       |       |     3 |     1 ||     4
       Bread ration      |       |       |     1 |       ||     1
Armor: Scale mail        |    17 |     3 |       |       ||    20
       Chain mail        |       |    14 |    15 |    45 ||    74
Dodge: Dodged            |     5 |       |    18 |    34 ||    57
Block: Shield            |    26 |     4 |    36 |    47 ||   113
